[Event "*** Titled Tuesday Blitz"]
[Site "Chess.com"]
[Date "2020.05.26"]
[Round "3"]
[White "WIDBIFS"]
[Black "Angry_Twin"]
[Result "1/2-1/2"]
[WhiteElo "2624"]
[BlackElo "2839"]
[TimeControl "180+1"]
[EndTime "10:27:35 PDT"]
[Termination "Game drawn by agreement"]

1. d4 Nf6 2. Nf3 g6 3. g3 Bg7 4. Bg2 d5 5. O-O O-O 6. c4 c6 7. cxd5 cxd5 8. Ne5 e6 9. Nc3 Nfd7 10. f4 Nc6 11. e3 f6 12. Nd3 Qe7 13. b3 Re8 14.
Nb5 Nb6 15. Ba3 Qd7 16. Rc1 Bf8 17. Bxf8 Rxf8 18. Nc5 Qe7 19. Qd2 a6 20. Nc3 Nd7 21. N3a4 Nxc5 22. Nxc5 Rd8 23. Nd3 Bd7 24. Rc2 Be8 25.
Rfc1 Rac8 26. h4 Kg7 27. Kh2 Rc7 28. Nb4 Rdc8 29. Nxc6 Rxc6 30. Rxc6 Rxc6 31. Rxc6 Bxc6 32. Bf1 Kf7 33. b4 e5 34. dxe5 fxe5 35. fxe5 Qxe5 36.
Qd4 Qf5 37. Qf4 Qxf4 38. gxf4 Ke6 39. Bd3 Kf6 1/2-1/2

[Event "*** Titled Tuesday Blitz"]
[Site "Chess.com"]
[Date "2020.05.26"]
[Round "3"]
[White "Anna_ChessMate"]
[Black "Harsha_Bharathakoti"]
[Result "1-0"]
[WhiteElo "2536"]
[BlackElo "2741"]
[TimeControl "180+1"]
[EndTime "10:27:35 PDT"]
[Termination "Anna_ChessMate won by resignation"]

1. d4 d5 2. c4 e6 3. Nf3 Nf6 4. Nc3 a6 5. cxd5 exd5 6. Bg5 Be6 7. e3 Nbd7 8. Bd3 h6 9. Bf4 Nh5 10. O-O Be7 11. Ne5 Nxf4 12. exf4 Nxe5 13. fxe5 c5 14. f4 cxd4 15. Ne2 Qb6 16. f5 Bd7 17. Nf4 Bg5 18.
e6 Bc6 19. exf7+ Kd7 20. Ng6 Be3+ 21. Kh1 Kc7 22. Qg4 Qc5 23. f6 gxf6 24. Rxf6 Rhf8 25.
Nxf8 Rxf8 26. Raf1 Kb6 27. h3 Ka7 28. Rg6 Bb5 29. Bxb5 Qxb5 30. Qf3 Bg5 31. Rg8 Be7 32. Rxf8 Bxf8 33. Rd1 Qc4 34. Qd3 1-0

[Event "*** Titled Tuesday Blitz"]
[Site "Chess.com"]
[Date "2020.05.26"]
[Round "3"]
[White "Two_Towers_Krakow"]
[Black "KuzubovYuriy"]
[Result "0-1"]
[WhiteElo "2433"]
[BlackElo "2768"]
[TimeControl "180+1"]
[EndTime "10:27:36 PDT"]
[Termination "KuzubovYuriy won by resignation"]

1. d4 Nf6 2. c4 e6 3. Nf3 d5 4.
Bg5 h6 5. Bxf6 Qxf6 6. e3 c6 7. Nc3 Nd7 8. Bd3 g6 9. O-O Bg7 10.
cxd5 exd5 11. b4 Qd6 12. b5 c5 13. Rc1 c4 14. Bb1 f5 15. a4 O-O 16. Ba2 Kh7 17. Re1 a5 18. h3 Nb6 19. Ne5 Bxe5 20.
dxe5 Qxe5 21. Qd2 Be6 22. Red1 Rae8 23. Rc2 f4 24. Qd4 Qxd4 25. Rxd4 fxe3 26. fxe3 Bf5 27. e4 Bxe4 28. Nxe4 Rf4 29. Bxc4 Nxc4 30. Rxd5 Rfxe4 31. Rd7+ Kg8 32. Rxb7 Nd6 33. Ra7 Rxa4 34. Rc6 Rd8 35. b6 Rb4 36. b7 Rxb7 37. Rxd6 Rxa7 38. Rxd8+ Kf7 39. Rd3 a4 40. Ra3 Ke6 41. Kf2 Kd5 42. Ke2 Kc4 43. Kd2 Kb4 44. Ra1 a3 45. Kc2 Rc7+ 46.
Kd3 Rc3+ 47. Kd2 Rg3 48. Rb1+ Ka4 49. Rb6 Rxg2+ 50. Ke3 a2 51. Ra6+ Kb3 52. Kf3 Rc2 53. h4 Kb2 54. Rb6+ Kc1 55. Ra6 Kb1 56. Rb6+ Rb2 0-1

[Event "*** Titled Tuesday Blitz"]
[Site "Chess.com"]
[Date "2020.05.26"]
[Round "3"]
[White "GM_dmitrij"]
[Black "GukeshDommaraju"]
[Result "1-0"]
[WhiteElo "2934"]
[BlackElo "2669"]
[TimeControl "180+1"]
[EndTime "10:27:37 PDT"]
[Termination "GM_dmitrij won by resignation"]

1. e4 c5 2. Nf3 Nc6 3. Bb5 g6 4. O-O Bg7 5. c3 Nf6 6. Re1 O-O 7. d4 a6 8. Bxc6 dxc6 9. e5 Nd7 10. e6 fxe6 11.
Be3 cxd4 12. Bxd4 e5 13. Qb3+ Kh8 14. Nxe5 Nxe5 15. Bxe5 Bxe5 16. Rxe5 Qd6 17. Re2 Bg4 18. Rd2 Qf4 19. c4 Rad8 20. Qc3+ Kg8 21. g3 Qe4 22. Qe3 Qxc4 23. Rxd8 Rxd8 24. Nc3 Bh3 25. Qxe7 Rd7 26. Qe8+ Kg7 27. Qe5+ Kf8 28. Re1 Qf7 29. Qh8+ Qg8 30.
Re8+ 1-0

[Event "*** Titled Tuesday Blitz"]
[Site "Chess.com"]
[Date "2020.05.26"]
[Round "3"]
[White "Onwgs"]
[Black "gumimis"]
[Result "1-0"]
[WhiteElo "2481"]
[BlackElo "2192"]
[TimeControl "180+1"]
[EndTime "10:27:37 PDT"]
[Termination "Onwgs won on time"]

1. e4 c5 2. c3 d5 3. exd5 Qxd5 4. d4 Nf6 5. Nf3 Bg4 6. dxc5 Qxd1+ 7. Kxd1 e5 8. b4 e4 9. h3 Bh5 10. g4 Nxg4 11. hxg4 Bxg4 12. Nd2 Nc6 13. Bh3 Bxh3 14. Rxh3 exf3 15. Rxf3 Be7 16. Kc2 O-O 17. Nc4 a6 18. Bf4 Bf6 19. Rg1 Rfe8 20. Nd6 Re2+ 21. Kb3 Be5 22. Be3 a5 23. Nxf7 axb4 24. Nh6+ Kh8 25.
Nf7+ Kg8 26. Nxe5 Ra3+ 27. Kc4 Rxc3+ 28. Kd5 Nxe5 29. Kxe5 Rxa2 30. Ke6 Ra8 31. Rf7 g6 32. Bd4 Rd3 33. Rg7+ Kf8 34. Rxh7 Re8+ 35. Kf6 Rf3+ 36.
Kxg6 b3 37. Rh8+ Ke7 38. Re1+ Kd7 39. Rhxe8 b2 40. Bxb2 Rxf2 41. R8e7+ Kc6 42. Bd4 1-0

[Event "*** Titled Tuesday Blitz"]
[Site "Chess.com"]
[Date "2020.05.26"]
[Round "3"]
[White "Xeslu"]
[Black "IriBu"]
[Result "1-0"]
[WhiteElo "2307"]
[BlackElo "2543"]
[TimeControl "180+1"]
[EndTime "10:27:37 PDT"]
[Termination "Xeslu won by checkmate"]

1. e4 Nf6 2. e5 Nd5 3. d4 d6 4.
Nf3 Bg4 5. Be2 c6 6. exd6 Qxd6 7. O-O Bxf3 8. Bxf3 g6 9. c4 Nf6 10. Nc3 Bg7 11. Be3 O-O 12. Qb3 Qc7 13. Rac1 e6 14. d5 e5 15. Rfd1 Nbd7 16. dxc6 bxc6 17. Qa4 Rfc8 18.
c5 Ne8 19. b4 a6 20. Ne4 f5 21. Nd6 e4 22. Be2 Nxd6 23. Rxd6 Be5 24. Bc4+ Kg7 25. Rcd1 Nf6 26. h3 f4 27. Bd4 Bxd6 28. Bxf6+ Kxf6 29. Rxd6+ Kg7 30. Qb3 Rd8 31. Qc3+ Kh6 32. Qe5 Rxd6 33.
cxd6 Qd7 34. Qxf4+ Kg7 35. Qe5+ Kh6 36. Be6 Qg7 37.
Qxe4 Re8 38. Qh4# 1-0

[Event "*** Titled Tuesday Blitz"]
[Site "Chess.com"]
[Date "2020.05.26"]
[Round "3"]
[White "Herracek"]
[Black "Belka1989"]
[Result "1-0"]
[WhiteElo "2575"]
[BlackElo "2370"]
[TimeControl "180+1"]
[EndTime "10:27:38 PDT"]
[Termination "Herracek won on time"]

1. c4 e5 2. g3 Nf6 3. Bg2 c6 4.
d4 exd4 5. Nf3 d5 6. Qxd4 dxc4 7. Qxd8+ Kxd8 8. O-O Bd6 9. Rd1 Kc7 10. Nbd2 Be6 11. Ng5 b5 12. a4 c3 13. bxc3 Nd5 14.
Nde4 Be5 15. axb5 cxb5 16. Nc5 Nxc3 17. Ngxe6+ fxe6 18.
Nxe6+ Kc8 19. Rd2 Re8 20. Bxa8 Rxe6 21. Bb2 b4 22. Rxa7 Nc6 23. Ra6 Nd4 24. Rxe6 Nxe6 25. e3 Nc5 26. f4 Bf6 27. Kf1 Nb3 28. Rd6 Na5 29. e4 Kb8 30. e5 Bxe5 31. fxe5 Nc4 32.
Bxc3 Nxd6 33. exd6 bxc3 34. Be4 Kc8 35. Bxh7 Kd7 36.
Ke2 Kxd6 37. Kd3 Ke5 38. h4 Kf6 39. Kxc3 g6 40. Kd3 1-0

[Event "*** Titled Tuesday Blitz"]
[Site "Chess.com"]
[Date "2020.05.26"]
[Round "3"]
[White "albano87"]
[Black "Oneofmyturns"]
[Result "1-0"]
[WhiteElo "2370"]
[BlackElo "2642"]
[TimeControl "180+1"]
[EndTime "10:27:39 PDT"]
[Termination "albano87 won by resignation"]

1. d4 Nf6 2. Nf3 d5 3. g3 c5 4.
Bg2 cxd4 5. O-O e6 6. Nxd4 e5 7. Nb3 Be6 8. e4 Nc6 9. exd5 Bxd5 10. Bg5 Bxg2 11. Kxg2 Be7 12. Nc3 O-O 13. Qf3 e4 14. Qe2 Nd4 15. Nxd4 Qxd4 16. Rad1 Qb6 17. Qb5 Qxb5 18.
Nxb5 h6 19. Bxf6 Bxf6 20. c3 Be5 21. Rd5 Rfe8 22. Re1 a6 23. Rxe4 Bxg3 24. Rxe8+ Rxe8 25. hxg3 axb5 26. Rxb5 Re7 27. a4 g6 28. a5 h5 29. b4 Kf8 30. Kf3 Rd7 31. c4 Kg7 32. Rb6 g5 33. b5 Rd3+ 34. Kg2 Ra3 35. Rxb7 Rxa5 36. c5 Ra2 37. c6 Rc2 38. c7 h4 39.
gxh4 gxh4 40. b6 1-0

[Event "*** Titled Tuesday Blitz"]
[Site "Chess.com"]
[Date "2020.05.26"]
[Round "3"]
[White "CroissantNeuf"]
[Black "aa175"]
[Result "0-1"]
[WhiteElo "2348"]
[BlackElo "2552"]
[TimeControl "180+1"]
[EndTime "10:27:39 PDT"]
[Termination "aa175 won on time"]

1. e4 c5 2. Nf3 d6 3. Bb5+ Nd7 4. Ba4 a6 5. c3 b5 6. Bc2 c4 7. O-O Bb7 8. a4 Ngf6 9. Re1 e6 10. axb5 axb5 11.
Rxa8 Qxa8 12. Na3 Bc6 13. Nd4 Be7 14. Ndxb5 O-O 15. Nd4 Bxe4 16. Nxc4 Bxg2 17. Ne3 Be4 18. Bxe4 Nxe4 19. Qf3 Ne5 20. Qg2 Bh4 21. Rf1 Nd3 22.
f3 Nec5 23. b4 Nd7 24. f4 Bf6 25. Nc6 d5 26. b5 Qb7 27. f5 Qxb5 28. Nd4 Bxd4 29. cxd4 Nf6 30. fxe6 fxe6 31. Ba3 Rf7 32. Bd6 Ne4 33. Rxf7 Kxf7 34. Be5 Qb1+ 35. Nf1 Nxe5 36. dxe5 Qb6+ 37. Ne3 Qd4 0-1

[Event "*** Titled Tuesday Blitz"]
[Site "Chess.com"]
[Date "2020.05.26"]
[Round "3"]
[White "JoySpaceman"]
[Black "chito89"]
[Result "0-1"]
[WhiteElo "2505"]
[BlackElo "2738"]
[TimeControl "180+1"]
[EndTime "10:27:40 PDT"]
[Termination "chito89 won on time"]

1. d4 Nf6 2. Nc3 g6 3. e4 d6 4. Bf4 c6 5. Qd2 Qa5 6. Nf3 Bg7 7. Bd3 Bg4 8. O-O-O Bxf3 9. gxf3 Nbd7 10. Rhe1 e5 11. dxe5 dxe5 12. Bg5 h6 13. Be3 O-O-O 14. Kb1 Nh5 15. Bf1 Nb6 16. Bh3+ Kc7 17. Qe2 Nf4 18.
Bxf4 exf4 19. e5 Rxd1+ 20. Nxd1 Nc4 21. e6 Qb4 22. c3 Bxc3 23. Nxc3 Rd8 24. Rd1 Re8 25.
Rd7+ Kb8 26. e7 Nd6 27. Rd8+ Kc7 0-1

[Event "*** Titled Tuesday Blitz"]
[Site "Chess.com"]
[Date "2020.05.26"]
[Round "3"]
[White "eCztery"]
[Black "Raja3401"]
[Result "1-0"]
[WhiteElo "2341"]
[BlackElo "2695"]
[TimeControl "180+1"]
[EndTime "10:27:41 PDT"]
[Termination "eCztery won by resignation"]

1. e4 c5 2. Nf3 d6 3. d4 cxd4 4. Qxd4 Nf6 5. Bg5 Nc6 6. Bb5 e6 7. Bxc6+ bxc6 8. c4 e5 9. Qe3 Be7 10. O-O O-O 11. Nc3 Be6 12. b3 Qb6 13. Qe2 Rfd8 14. Rfd1 h6 15. Bh4 g5 16. Bg3 Nd7 17. h3 Kg7 18. Nh2 Rh8 19. Nd5 cxd5 20. cxd5 h5 21. dxe6 fxe6 22. Nf3 Rh6 23. Kf1 Rf8 24. Rac1 g4 25. hxg4 hxg4 26. Nh2 Nf6 27. Kg1 Rfh8 28. Qe3 Qxe3 29. fxe3 Nh5 30. Be1 Nf6 31. Rc7 Rxh2 32. Rxe7+ Kg6 33. Rxe6 g3 34. Kf1 Rh1+ 35. Ke2 Rd8 36.
Bxg3 Rxd1 37. Kxd1 Kf7 38. Rxf6+ 1-0

[Event "*** Titled Tuesday Blitz"]
[Site "Chess.com"]
[Date "2020.05.26"]
[Round "3"]
[White "MaxLeto"]
[Black "talaicito"]
[Result "1-0"]
[WhiteElo "2332"]
[BlackElo "2157"]
[TimeControl "180+1"]
[EndTime "10:27:42 PDT"]
[Termination "MaxLeto won on time"]

1. g4 e5 2. Bg2 d5 3. c4 c6 4.
cxd5 cxd5 5. d3 Nc6 6. g5 Nge7 7.
Nc3 Be6 8. h4 Qd7 9. h5 Nf5 10.
Bd2 Be7 11. Qa4 f6 12. h6 fxg5 13. hxg7 Nxg7 14. Nf3 g4 15. Ng5 Bxg5 16. Bxg5 Nd4 17. Qxd7+ Kxd7 18. Rc1 Rac8 19. Kd2 Ndf5 20. Nxd5 Bxd5 21.
Bxd5 Rxc1 22. Rxc1 b6 23. Bf6 h5 24. Bxe5 h4 25.
Rc7+ Kd8 26. Rxa7 Rh5 27. Bf7 g3 28. fxg3 h3 29. g4 h2 30. Bxh2 Rxh2 31. gxf5 Nxf5 32.
Be6 Nd4 33. Bg4 Rg2 34. Rd7+ Ke8 35. Rxd4 Ke7 36. a4 Kf6 37. b4 Ke5 38. Re4+ Kd5 39.
Bf3 Rf2 40. Rg4+ Kd6 41. d4 1-0

[Event "*** Titled Tuesday Blitz"]
[Site "Chess.com"]
[Date "2020.05.26"]
[Round "3"]
[White "oneshot007"]
[Black "Gloomy_Wanderer"]
[Result "1-0"]
[WhiteElo "2448"]
[BlackElo "2742"]
[TimeControl "180+1"]
[EndTime "10:27:43 PDT"]
[Termination "oneshot007 won by resignation"]

1. e4 c5 2. Nf3 a6 3. c3 d5 4.
exd5 Qxd5 5. d4 Bg4 6. Be2 Nf6 7. O-O e6 8. h3 Bh5 9. Be3 cxd4 10. cxd4 Nc6 11. Nc3 Qd6 12. Re1 Be7 13. g4 Bg6 14. Ne5 O-O 15. f4 Rfd8 16. Bf3 Rac8 17. Bxc6 bxc6 18. Qf3 h6 19. Nxg6 fxg6 20. Bf2 Re8 21.
Re5 Qb4 22. Qe2 Bd6 23. Rxe6 Bxf4 24. Re1 Kh7 25. Qc2 Red8 26. Ne4 Bg5 27. a3 Qf8 28. h4 Nxe4 29. Qxe4 Bf6 30. g5 hxg5 31. hxg5 Bxd4 32. Qxg6+ Kg8 33. Bxd4 Rd7 34. Re8 1-0

[Event "*** Titled Tuesday Blitz"]
[Site "Chess.com"]
[Date "2020.05.26"]
[Round "3"]
[White "Irochka83"]
[Black "Joshukid"]
[Result "0-1"]
[WhiteElo "2405"]
[BlackElo "2622"]
[TimeControl "180+1"]
[EndTime "10:27:43 PDT"]
[Termination "Joshukid won on time"]

1. d4 Nf6 2. c4 e6 3. Nc3 Bb4 4. Qc2 O-O 5. a3 Bxc3+ 6. Qxc3 b6 7. Bg5 Bb7 8. e3 h6 9. Bh4 d5 10. cxd5 exd5 11. Bd3 Nbd7 12. Nf3 c5 13. O-O Rc8 14. Ne5 g5 15. Bg3 Ne4 16. Bxe4 dxe4 17. Rfd1 c4 18. d5 f6 19. Nc6 Qe8 20. Nxa7 Ra8 21. Nc6 Nc5 22.
Qxc4 Ba6 23. Qb4 f5 24. Qxb6 Nd3 25. Nd4 f4 26. Qxh6 fxg3 27. Qxg5+ Kh8 28. hxg3 Qf7 29. Qh6+ Qh7 30. Qg5 Rxf2 31. Qe5+ Nxe5 0-1

[Event "*** Titled Tuesday Blitz"]
[Site "Chess.com"]
[Date "2020.05.26"]
[Round "3"]
[White "AsselLesbekova"]
[Black "Airquake"]
[Result "1-0"]
[WhiteElo "2281"]
[BlackElo "2483"]
[TimeControl "180+1"]
[EndTime "10:27:44 PDT"]
[Termination "AsselLesbekova won on time"]

1. e4 c5 2. Nf3 d6 3. Bb5+ Nd7 4. O-O Nf6 5. Re1 e6 6. c3 a6 7. Ba4 b5 8. Bc2 c4 9. b3 Be7 10. bxc4 bxc4 11. Qe2 Qc7 12. Ba3 Bb7 13. e5 dxe5 14. Nxe5 Bxa3 15. Nxa3 Nxe5 16. Qxe5 Qc6 17. f3 O-O 18.
Be4 Nxe4 19. Rxe4 Qa4 20. Rg4 f6 21. Qxe6+ Rf7 22. Nxc4 Qc6 23. Nd6 Rf8 24. Re1 Bc8 25.
Nxc8 Qc5+ 26. d4 Qxc3 27. Nd6 1-0

[Event "*** Titled Tuesday Blitz"]
[Site "Chess.com"]
[Date "2020.05.26"]
[Round "3"]
[White "cioxminator"]
[Black "fridaywins"]
[Result "0-1"]
[WhiteElo "2435"]
[BlackElo "2233"]
[TimeControl "180+1"]
[EndTime "10:27:44 PDT"]
[Termination "fridaywins won on time"]

1. d4 Nf6 2. c4 g6 3. g3 Bg7 4.
Bg2 O-O 5. Nf3 d6 6. Kf1 c6 7. Nc3 Qa5 8. h3 Nbd7 9. Bd2 Qa6 10. b3 b5 11. cxb5 cxb5 12. a4 bxa4 13. bxa4 Bb7 14.
Kg1 Nb6 15. e3 Nc4 16. Nb5 Rac8 17. Bb4 Be4 18. Kh2 Qb7 19. Be1 Rfd8 20. Nh4 Bxg2 21. Nxg2 e5 22. Rb1 Qa8 23. Qe2 Ne4 24. h4 a6 25. Nc3 exd4 26. exd4 Nxc3 27. Bxc3 d5 28. Nf4 Nd6 29. Qd3 Ne4 30. Be1 Rc4 31. Ne2 Qc8 32.
a5 Qf5 33. Kg2 h5 34. Qf3 Qe6 35. Bb4 Rdc8 36. Rhd1 Rc2 37. Be1 Kh7 38. Nf4 Qd7 39. Rd3 Ra2 40. Rb6 Rc4 41. Nxh5 Rxd4 0-1

[Event "*** Titled Tuesday Blitz"]
[Site "Chess.com"]
[Date "2020.05.26"]
[Round "3"]
[White "boasovietica"]
[Black "Chessmasterzt"]
[Result "1-0"]
[WhiteElo "2403"]
[BlackElo "2575"]
[TimeControl "180+1"]
[EndTime "10:27:45 PDT"]
[Termination "boasovietica won on time"]

1. e4 d5 2. Nc3 d4 3. Nce2 e5 4. d3 Nc6 5. g3 h5 6. h3 h4 7. g4 g5 8. Nf3 f6 9. c3 Bc5 10.
Bg2 a5 11. O-O Nge7 12. Bd2 Be6 13. Qc2 dxc3 14. bxc3 Qd6 15. d4 exd4 16. cxd4 Bxd4 17. Nexd4 Nxd4 18. Nxd4 Qxd4 19. Bc3 Qc5 20. Qb2 O-O-O 21. Bxf6 Rhf8 22. Rac1 Bc4 23. Bxe7 Qxe7 24. Rxc4 Rf4 25. Rb1 c6 26. Qc3 Rdf8 27. Qxa5 Qc7 28. Qa8+ Kd7 29. Qxb7 Qxb7 30. Rxb7+ Kd6 31. Rb2 Ra8 32. Rd2+ Ke5 33. Rc5+ Ke6 34. Rxc6+ Ke5 35. Rc5+ Ke6 36. Rxg5 Ra3 37.
Rf5 1-0

[Event "*** Titled Tuesday Blitz"]
[Site "Chess.com"]
[Date "2020.05.26"]
[Round "3"]
[White "powermove"]
[Black "aakankshachess"]
[Result "0-1"]
[WhiteElo "1754"]
[BlackElo "2458"]
[TimeControl "180+1"]
[EndTime "10:27:45 PDT"]
[Termination "aakankshachess won on time"]

1. Nf3 Nf6 2. g3 g6 3. Bg2 Bg7 4. O-O d5 5. d3 O-O 6. Nbd2 c5 7. e4 dxe4 8. dxe4 Nc6 9. h3 Be6 10. c3 Qc7 11. Qe2 Rad8 12. a4 b6 13. Nc4 Nd7 14. Bf4 Qb7 15. Ng5 Bxc4 16. Qxc4 Nde5 17. Qe2 Nd3 18.
Be3 c4 19. f4 e5 20. f5 h6 21. fxg6 fxg6 22. Ne6 Rxf1+ 23. Rxf1 Re8 24. Nxg7 Qxg7 25.
b3 Rf8 26. bxc4 Rxf1+ 27. Bxf1 Nc5 28. Qg4 Kh7 29. Qc8 Qd7 30. Qxd7+ Nxd7 31. h4 Kg7 32. Bh3 Nf6 33. Bg2 Na5 34. c5 bxc5 35. Bxc5 a6 36. Kf2 Nc6 37. Ke2 Kf7 38. Kd3 Nh5 39.
Bf2 Ke6 40. Bh3+ Kd6 41. g4 Nf4+ 42. Ke3 Nxh3 43. Be1 Nf4 44. Bd2 g5 0-1

[Event "*** Titled Tuesday Blitz"]
[Site "Chess.com"]
[Date "2020.05.26"]
[Round "3"]
[White "mohamed-damaj"]
[Black "manuellarrea"]
[Result "1-0"]
[WhiteElo "2333"]
[BlackElo "2155"]
[TimeControl "180+1"]
[EndTime "10:27:45 PDT"]
[Termination "mohamed-damaj won on time"]

1. e4 c5 2. d4 cxd4 3. c3 Nf6 4. e5 Nd5 5. cxd4 e6 6. Nf3 d6 7. Bd3 Be7 8. O-O O-O 9. Nc3 Nxc3 10. bxc3 Nc6 11.
exd6 Bxd6 12. Re1 h6 13. Qe2 Qc7 14. Ne5 Ne7 15. Bxh6 gxh6 16. Qg4+ Kh8 17. Qh5 Ng8 18.
Re3 Bxe5 19. dxe5 Qxc3 20. Rae1 Qb4 21. Rb1 Qe7 22. Rg3 f5 23. exf6 Qxf6 24. Rf3 Qg7 25.
Rxf8 Qxf8 26. Re1 Qg7 27. Qe8 b6 28. Be4 1-0

[Event "*** Titled Tuesday Blitz"]
[Site "Chess.com"]
[Date "2020.05.26"]
[Round "3"]
[White "MateSchmate"]
[Black "moro182"]
[Result "0-1"]
[WhiteElo "2409"]
[BlackElo "2636"]
[TimeControl "180+1"]
[EndTime "10:27:46 PDT"]
[Termination "moro182 won by resignation"]

1. e4 e5 2. Nf3 Nc6 3. d4 exd4 4. Nxd4 Bc5 5. Nxc6 bxc6 6. Qf3 Qf6 7. Bc4 Qxf3 8.
gxf3 Ne7 9. Be3 Bxe3 10. fxe3 Rb8 11. Bb3 O-O 12. Nc3 d6 13. O-O-O Be6 14. Ne2 Bxb3 15. axb3 f5 16. e5 dxe5 17. Rd7 Nd5 18. e4 fxe4 19.
fxe4 Nf6 20. Rxc7 Nxe4 21. Rxa7 Ra8 22. Ra4 Nc5 23. Rxa8 Rxa8 24. Kd2 Ne4+ 25. Ke3 Nf6 26. Nc3 Ng4+ 27. Kf3 h5 28. h3 Rf8+ 29. Kg3 Ne3 30. Re1 Nf5+ 31. Kg2 Nh4+ 32. Kg3 Nf5+ 33. Kg2 Re8 34.
Nd1 Kf7 35. Nf2 g6 36. Nd3 e4 37.
Nc5 e3 38. c3 Rd8 39. Ne4 Ke6 40. b4 Ke5 41. Kf3 Nh4+ 42. Kxe3 Ng2+ 43. Ke2 Nxe1 44.
Nc5 Ng2 45. c4 Nf4+ 46. Ke3 Nxh3 47. b5 cxb5 48. cxb5 Kd5 49. Nd3 Kc4 50. Ne5+ Kxb5 51. Nxg6 Rg8 52. Ne7 Re8 0-1

[Event "*** Titled Tuesday Blitz"]
[Site "Chess.com"]
[Date "2020.05.26"]
[Round "3"]
[White "praveenb2002"]
[Black "volcanoexplorer"]
[Result "1-0"]
[WhiteElo "2760"]
[BlackElo "2530"]
[TimeControl "180+1"]
[EndTime "10:27:47 PDT"]
[Termination "praveenb2002 won on time"]

1. e4 e5 2. Nf3 Nc6 3. Bb5 a6 4.
Ba4 Nf6 5. O-O Be7 6. d3 b5 7. Bb3 O-O 8. a3 d6 9. Nc3 h6 10. Nd5 Na5 11. Nxf6+ Bxf6 12. Ba2 c5 13. b4 Nc6 14.
Bd5 Bd7 15. Be3 Qe7 16. c4 Rac8 17. bxc5 dxc5 18. cxb5 axb5 19. Qb3 Nd4 20. Bxd4 exd4 21. e5 Bg5 22. Rfe1 Be6 23. Bxe6 Qxe6 24. Qxb5 Be7 25. Nd2 Rb8 26. Qc4 Rb2 27. Qc1 Rfb8 28. Nc4 R2b3 29.
Qd2 Qg6 30. Red1 Rc3 31. a4 Rbb3 32. Qe2 Rxd3 33. Rxd3 Rxd3 34. a5 Rb3 35. a6 d3 36.
Qd1 Rb8 37. a7 Ra8 38. Qf3 Rxa7 39. Rxa7 d2 40. Nxd2 Qc2 41. Nf1 1-0

[Event "*** Titled Tuesday Blitz"]
[Site "Chess.com"]
[Date "2020.05.26"]
[Round "3"]
[White "EfM13"]
[Black "miroslavsavic"]
[Result "1-0"]
[WhiteElo "2297"]
[BlackElo "2042"]
[TimeControl "180+1"]
[EndTime "10:27:47 PDT"]
[Termination "EfM13 won on time"]

1. e4 c5 2. c3 d6 3. d4 cxd4 4.
cxd4 g6 5. Nc3 Bg7 6. Nf3 Nf6 7. Be2 O-O 8. h3 a6 9. O-O b5 10. Bg5 Bb7 11. e5 Ne4 12. Nxe4 Bxe4 13. Qb3 d5 14. Nd2 Nc6 15. Be3 Bf5 16. Bf3 Be6 17. Rfc1 Nxe5 18.
dxe5 d4 19. Qd3 dxe3 20. Qxe3 Rc8 21. Rxc8 Qxc8 22. Ne4 Rd8 23. Ng5 h6 24. Rc1 Qd7 25.
Ne4 Bxa2 26. Ra1 Bc4 27. Rxa6 Bxe5 28. g3 Qd4 29. Qxh6 Bg7 30. Qf4 Qxb2 31. Ng5 Bd4 32.
Bg2 Bf6 33. Ne4 Rd1+ 34. Kh2 Qe5 35. Ra8+ Kg7 36. Nxf6 1-0

[Event "*** Titled Tuesday Blitz"]
[Site "Chess.com"]
[Date "2020.05.26"]
[Round "3"]
[White "Volodar_Murzin"]
[Black "XiaoKangZhong"]
[Result "1-0"]
[WhiteElo "2712"]
[BlackElo "2421"]
[TimeControl "180+1"]
[EndTime "10:27:48 PDT"]
[Termination "Volodar_Murzin won on time"]

1. d4 Nf6 2. Nf3 g6 3. Bg5 Bg7 4. Nbd2 d5 5. e3 h6 6. Bh4 Ne4 7. Nxe4 dxe4 8. Nd2 c5 9. c3 f5 10. Bc4 Nd7 11. Qb3 Qb6 12. Bf7+ Kf8 13. Qxb6 Nxb6 14. Bxg6 cxd4 15. cxd4 Nd5 16. Bh5 Bd7 17. O-O Bf6 18. Bxf6 exf6 19. Be2 Ke7 20. Rfc1 Rac8 21. a3 Rhg8 22.
Bc4 Be6 23. Bxd5 Bxd5 24. g3 Kd6 25. Kf1 Rgd8 26. Ke1 a5 27. Kd1 a4 28. Nb1 Bb3+ 29. Kd2 Rxc1 30. Kxc1 f4 31. Nc3 f5 32. Kd2 f3 33. Rc1 Ke7 34. Nb5 Rd7 35. Rc5 Be6 36. Nc3 b6 37. Rb5 Rd6 38. Nxa4 Bd7 39. Re5+ Kf6 40.
Nc3 Be6 41. h4 Bd7 42. Nd5+ 1-0

[Event "*** Titled Tuesday Blitz"]
[Site "Chess.com"]
[Date "2020.05.26"]
[Round "3"]
[White "emiliocordova"]
[Black "Xtrmntr78"]
[Result "0-1"]
[WhiteElo "2713"]
[BlackElo "2443"]
[TimeControl "180+1"]
[EndTime "10:27:49 PDT"]
[Termination "Xtrmntr78 won by resignation"]

1. d4 f5 2. Nf3 Nf6 3. c4 e6 4. g3 d5 5. Bg2 Bd6 6. O-O c6 7.
Nc3 O-O 8. Bf4 Ne4 9. Rc1 b6 10.
cxd5 exd5 11. Bxd6 Qxd6 12. Ne5 Bb7 13. Qa4 Kh8 14. f4 Rf6 15. Nxe4 fxe4 16. g4 b5 17. Qa5 Nd7 18. g5 Rff8 19. Nxd7 Qxd7 20. e3 h6 21. Qe1 hxg5 22. fxg5 Qg4 23. Qg3 Qxg3 24. hxg3 Kh7 25.
Bh3 Kg6 26. Rf4 Kxg5 27. Kg2 g6 28. Rcf1 Rxf4 29. Rxf4 Bc8 30. Rf7 Bxh3+ 31. Kxh3 a5 32. Rc7 Ra6 33. g4 Rb6 34. Kg3 a4 35. Re7 b4 36.
Re5+ Kf6 37. g5+ Kf7 38. Kg2 Rb8 39. Kg3 Rh8 40. Kg2 Rh4 41. a3 b3 0-1

[Event "*** Titled Tuesday Blitz"]
[Site "Chess.com"]
[Date "2020.05.26"]
[Round "3"]
[White "MartinMatthiesen"]
[Black "pollo2016"]
[Result "0-1"]
[WhiteElo "2378"]
[BlackElo "2584"]
[TimeControl "180+1"]
[EndTime "10:27:49 PDT"]
[Termination "pollo2016 won by resignation"]

1. d4 Nf6 2. c4 e6 3. Nf3 Bb4+ 4.
Bd2 c5 5. Bxb4 cxb4 6. g3 O-O 7. Bg2 d6 8. O-O a5 9. a3 Na6 10. e3 Qe7 11. Qe2 e5 12. axb4 Nxb4 13. Nc3 Bg4 14. dxe5 dxe5 15. h3 Bh5 16. g4 Bg6 17. Rfd1 b6 18.
Nh4 Rad8 19. Nxg6 hxg6 20. g5 Nd7 21. h4 Nc5 22. Nd5 Nxd5 23. Bxd5 Kh8 24. Qg4 f5 25. Qh3 e4 26. Kg2 f4 27. Rh1 fxe3 28.
fxe3 Nd3 29. Raf1 Qe5 30. Qg4 Qxb2+ 31. Kg3 Rf2 32. h5 Rg2+ 33. Kh4 Rxg4+ 34. Kxg4 Qe2+ 35.
Kg3 Qxe3+ 36. Kg4 Qe2+ 37. Kg3 gxh5 38. g6 Qg4+ 39. Kh2 Nf4 0-1

[Event "*** Titled Tuesday Blitz"]
[Site "Chess.com"]
[Date "2020.05.26"]
[Round "3"]
[White "AndrewDGreen"]
[Black "DucksParadise"]
[Result "1-0"]
[WhiteElo "2299"]
[BlackElo "2045"]
[TimeControl "180+1"]
[EndTime "10:27:49 PDT"]
[Termination "AndrewDGreen won on time"]

1. e4 e6 2. Nf3 d5 3. Nc3 Nf6 4. e5 Nfd7 5. d4 c5 6. dxc5 Bxc5 7. Bd3 Nc6 8. Bf4 Be7 9. O-O a6 10. a3 g5 11. Bg3 h5 12. h3 g4 13. hxg4 hxg4 14. Nh2 Ndxe5 15. Nxg4 Nxd3 16. Qxd3 Bh4 17. Rfe1 Bxg3 18. Qxg3 Kd7 19. Nxd5 exd5 20. Rad1 Ne7 21. Ne5+ Ke8 22. Qg7 Rf8 23. c4 d4 24. Nf3 d3 25.
Re3 Bf5 26. Nd4 Bg6 27. Rde1 d2 28. Rd1 Qd6 29. Rxd2 Rg8 30. Qh6 Kd7 31. Nb3 Qxd2 32. Nxd2 1-0

[Event "*** Titled Tuesday Blitz"]
[Site "Chess.com"]
[Date "2020.05.26"]
[Round "3"]
[White "Karinaa87"]
[Black "MusicCityMaster"]
[Result "1-0"]
[WhiteElo "2552"]
[BlackElo "2351"]
[TimeControl "180+1"]
[EndTime "10:27:50 PDT"]
[Termination "Karinaa87 won by resignation"]

1. d4 Nf6 2. c4 c5 3. d5 b5 4.
cxb5 a6 5. e3 axb5 6. Bxb5 Qa5+ 7. Nc3 Bb7 8. Bc4 e6 9. Bd2 Qb6 10. e4 Nxe4 11. Nxe4 exd5 12. Ng5 dxc4 13. Qe2+ Be7 14.
N1f3 Nc6 15. O-O h6 16. Ne4 O-O 17. Nc3 Rfe8 18. Nd5 Qd8 19. Bc3 Nd4 20. Qxc4 Ba6 21. Nxe7+ Qxe7 22. Qd5 Nxf3+ 23. Qxf3 Bxf1 24. Rxf1 Rxa2 25. Qg4 f6 26. Qc4+ Qe6 27. Qxc5 Rea8 28. b4 Re2 29. b5 Raa2 30. b6 Qe4 31. Qc8+ Kh7 32. b7 Rxf2 33.
Rxf2 Qe3 34. Be1 Qxe1+ 35. Rf1 Qe3+ 36. Kh1 Qe2 37. Rg1 Rb2 38. b8=Q Rxb8 39. Qxb8 d5 40.
Qb2 d4 41. Qxe2 d3 42. Qxd3+ 1-0